 Dungeon Crawl Stone Soup version 0.24.1 (webtiles) character file.

Game seed: 4331913169431380818, levelgen mode: deterministic

951 Peloso the Slasher (level 7, 0/61 HPs)
             Began as a Minotaur Fighter on Mar 25, 2020.
             Was a Follower of Okawaru.
             Slain by a wight
             ... wielding a +4 long sword of freezing
              (6 damage)
             ... on level 4 of the Dungeon.
             The game lasted 00:08:10 (3110 turns).

Peloso the Slasher (Minotaur Fighter)               Turns: 3110, Time: 00:08:11

Health: 0/61       AC:  6    Str: 19 (21) XL:     7   Next: 90%
Magic:  6/6        EV:  6    Int:  2 (5)  God:    Okawaru [*.....]
Gold:   143        SH: 10    Dex: 11      Spells: 6/6 levels left

rFire    . . .     SeeInvis .   a - +3 scimitar
rCold    + . .     Gourm    .   c - +0 shield
rNeg     . . .     Faith    .   e - +0 chain mail
rPois    .         Spirit   .   (helmet restricted)
rElec    .         Reflect  .   q - scarf {repulsion}
rCorr    .         Harm     .   (no gloves)
MR       .....                  (no boots)
Stlth    ..........             (no amulet)
HPRegen  0.20/turn              x - ring of protection from cold
MPRegen  0.10/turn              g - -3 ring of protection (curse)

@: drained, repel missiles
A: retaliatory headbutt, horns 2
a: Heroism, Renounce Religion


You were on level 4 of the Dungeon.
You worshipped Okawaru.
Okawaru was aware of your devotion.
You were hungry.

You visited 1 branch of the dungeon, and saw 4 of its levels.

You collected 143 gold pieces.

Inventory:

Hand Weapons
 a - a +3 scimitar (weapon)
Armour
 b - a +0 scale mail
 c - a +0 shield (worn)
 e - a +0 chain mail (worn)
 q - a scarf of repulsion (worn)
Jewellery
 g - a cursed -3 ring of protection (right hand)
 x - a ring of protection from cold (left hand)
Scrolls
 h - 3 scrolls of remove curse
 i - a scroll of fear
 j - 3 scrolls of enchant weapon {unknown}
 k - a scroll of enchant armour {unknown}
 l - 4 scrolls of identify
 m - a scroll of magic mapping {unknown}
 p - a scroll of teleportation {unknown}
 w - a scroll of immolation {unknown}
Potions
 d - 2 potions of might
 o - a potion of mutation
 r - a potion of agility
 s - a potion of haste
 u - a potion of brilliance
Comestibles
 f - 8 rations


   Skills:
 + Level 5.2(4.5) Fighting
 + Level 7.4(6.7) Long Blades
 + Level 5.7(5.1) Armour
 + Level 1.5(1.0) Dodging
 + Level 6.5(5.9) Shields


You had 6 spell levels left.
You didn't know any spells.
Your spell library was empty.

Dungeon Overview and Level Annotations

Branches:
Dungeon (4/15)
 Temple: D:4-7

Altars:
Cheibriados
Elyvilon
Hepliaklqana
Kikubaaqudgha
Okawaru
Yredelemnul
Zin


Innate Abilities, Weirdness & Mutations

You reflexively headbutt those who attack you in melee.
You have a pair of horns on your head.


Message History

The wight hits you with a +4 long sword of freezing.
* * * LOW HITPOINT WARNING * * *
You feel drained.
* * * LOW HITPOINT WARNING * * *
You hit the wight.
The wight is lightly damaged.
The wight hits you with a +4 long sword of freezing.
* * * LOW HITPOINT WARNING * * *
The wight freezes you.
* * * LOW HITPOINT WARNING * * *
Your shield prevents you from hitting the wight.
You headbutt the wight.
The wight is moderately damaged.
The wight barely misses you.
You riposte.
You hit the wight. Your headbutt misses the wight.
The wight is heavily damaged.
You hit the wight.
The wight is almost destroyed.
The wight hits you with a +4 long sword of freezing.
You die...

#.##..#.#######
#.##..#.#.....#
####........#.#
#.##.#.#.#.# ##
#.)..#[#.#†######
.#
#.#..#).........#
.#
#.#..#...#.####.#
.#
#.#..#..†.....#.#
.#
#@#..#....##..#.#
.#
#z#..#.....#..#.#
## #z#..#.....#
.#.# # ...
#.....# .#.# #
#.. ##.#..# #.##
# .... ## ..#
#... #### ###%
..# #### ...# ##
.## ## ...# .. #.


You could see 2 wights.

Vanquished Creatures
  Sigmund (D:3)
  An ogre (D:4)
  A scorpion (D:4)
  2 wights (D:4)
  2 howler monkeys (D:4)
  An orc priest (D:4)
  2 hounds (D:3)
  Terence (D:2)
  7 orc wizards
  A gnoll (D:3)
  7 adders
  An adder skeleton (D:4)
  A worm (D:4)
  2 dart slugs
  3 leopard geckos
  19 orcs
  A ball python (D:1)
  4 giant cockroaches
  13 goblins
  15 hobgoblins
  4 jackals (D:3)
  3 kobolds
  4 quokkas
  9 bats
  3 frilled lizards (D:2)
  7 rats
115 creatures vanquished.

Notes
Turn   | Place    | Note
-------+----------+-------------------------------------------
     0 | D:1      | Peloso the Minotaur Fighter began the quest for the Orb.
     0 | D:1      | Reached XP level 1. HP: 19/19 MP: 0/0
    34 | D:1      | You fall into a shaft and drop 1 floor!
   122 | D:2      | Reached XP level 2. HP: 24/27 MP: 1/1
   167 | D:2      | Found a basalt altar of Yredelemnul.
   188 | D:2      | Found a snail-covered altar of Cheibriados.
   189 | D:2      | Noticed Terence
   204 | D:2      | Killed Terence
   204 | D:2      | Reached XP level 3. HP: 18/33 MP: 2/2
   304 | D:2      | Reached skill level 3 in Long Blades
   355 | D:2      | Found an ancient bone altar of Kikubaaqudgha.
   585 | D:2      | Found a glowing silver altar of Zin.
   716 | D:1      | Reached XP level 4. HP: 40/40 MP: 3/3
  1520 | D:3      | Noticed Sigmund
  1536 | D:3      | Killed Sigmund
  1536 | D:3      | Reached skill level 4 in Long Blades
  1536 | D:3      | Reached skill level 5 in Armour
  1536 | D:3      | Reached skill level 5 in Shields
  1536 | D:3      | Reached XP level 5. HP: 24/47 MP: 4/4
  1536 | D:3      | Reached XP level 6. HP: 27/53 MP: 5/5
  1825 | D:3      | Reached skill level 5 in Long Blades
  2241 | D:3      | Found a white marble altar of Elyvilon.
  2505 | D:4      | Found an iron altar of Okawaru.
  2509 | D:4      | Became a worshipper of Warmaster Okawaru
  2526 | D:3      | Reached skill level 1 in Dodging
  2599 | D:4      | Reached XP level 7. HP: 60/60 MP: 6/6
  2603 | D:4      | Reached skill level 6 in Long Blades
  2701 | D:4      | Reached skill level 5 in Fighting
  2910 | D:4      | Found a hazy altar of Hepliaklqana.
  3020 | D:4      | Reached skill level 7 in Long Blades
  3033 | D:4      | Reached * piety under Okawaru
  3110 | D:4      | Slain by a wight

Levels and vault maps discovered:
D:1:      onia_arrival_pentagram, layout_basic, minmay_misc_feat_x
D:2:      layout_rooms, nicolae_overflow_hidden_temple, lemuel_crystal_altar,
          lemuel_doored_altar, marbit_many_paths, first_ration, serial_rivers,
          chequers_serial_rivers_room_a, chequers_serial_rivers_large_a,
          chequers_serial_rivers_small_3, chequers_serial_rivers_room_a,
          chequers_serial_rivers_micro_a, uniq_terence
D:3:      layout_loops_ring, lemuel_coloured_pillars_altar, grunt_ministairs_5,
          cheibrodos_gnoll_hut, uniq_sigmund
D:4:      layout_basic, okawaru_metal_pillars_1_2, kennysheep_mini_moat,
          kennysheep_little_box

Skill      XL: |  1  2  3  4  5  6  7 |
---------------+----------------------+-----
Fighting       | 4 5 |  5.2
Armour         | 4 5 |  5.7
Shields        | 4 5 6 |  6.5
Long Blades    | 3 4 5 7 |  7.4
Dodging        | 1 |  1.5

Action                   |  1- 3 |  4- 6 |  7- 9 || total
-------------------------+-------+-------+-------++-------
Melee: Long sword        |    44 |   193 |    75 ||   312
       Headbutt          |    10 |    26 |    15 ||    51
       Scimitar          |       |       |    11 ||    11
  Use: Potion            |     3 |       |     3 ||     6
       Scroll            |       |       |     4 ||     4
  Eat: Chunk             |       |     4 |     3 ||     7
Armor: Chain mail        |    21 |   119 |    38 ||   178
Dodge: Dodged            |    11 |    55 |    21 ||    87
       Deflected         |       |     2 |       ||     2
Block: Shield            |    26 |   145 |    34 ||   205
       Rpst.: Long sword |     1 |    15 |     3 ||    19
       Scimitar          |       |       |     2 ||     2
